 Dungeon Crawl Stone Soup version 0.20.0-15-g7f486f2 (webtiles) character file.

89 sagitran the Skirmisher (level 4, -1/37 HPs)
             Began as a Demonspawn Wanderer on June 10, 2017.
             Slain by a quokka (2 damage)
             ... on level 3 of the Dungeon.
             The game lasted 00:36:37 (1775 turns).

sagitran the Skirmisher (Demonspawn Wanderer)       Turns: 1775, Time: 00:36:38

Health: -1/37      AC:  2    Str: 13    XL:     4   Next: 31%
Magic:  4/4        EV: 12    Int: 11    God:
Gold:   88         SH:  0    Dex: 15    Spells: 3/3 levels left

rFire    . . .     SeeInvis .   c - +0 quarterstaff
rCold    . . .     Gourm    .   (shield currently unavailable)
rNeg     . . .     Faith    .   e - +0 robe
rPois    .         Spirit   .   (helmet restricted)
rElec    .         Reflect  .   (no cloak)
rCorr    .         Harm     .   (no gloves)
MR       .....                  (no boots)
Stlth    +++.......             (no amulet)
Regen    0.2/turn               k - ring of stealth
MPRegen  0.1/turn               (no ring)

@: about to teleport, very slightly contaminated
A: antennae 1, hooves 1
a: no special abilities


You were on level 3 of the Dungeon.
You were not hungry.

You visited 1 branch of the dungeon, and saw 3 of its levels.

You collected 88 gold pieces.

Inventory:

Hand Weapons
 b - a +3 blowgun
 c - a +0 quarterstaff (weapon)
 d - a +0 hunting sling
Missiles
 h - 34 stones (quivered)
Armour
 e - a +0 robe (worn)
Jewellery
 k - a ring of stealth (left hand)
Scrolls
 a - a scroll of remove curse
 f - a scroll of identify
Comestibles
 g - 4 bread rations


   Skills:
 + Level 4.3 Fighting
 + Level 1.7 Staves
 + Level 0.5(1.0) Slings
   Level 1.0 Crossbows
 + Level 1.3(1.4) Throwing
 + Level 1.0 Armour
 + Level 1.1 Dodging
 + Level 2.1 Stealth


You had 3 spell levels left.
You didn't know any spells.

Dungeon Overview and Level Annotations

Branches:
Dungeon (3/15)

Altars:


Innate Abilities, Weirdness & Mutations

You have a pair of small antennae on your head.
You have large cloven feet.


Message History

Aim: a quokka (moderately wounded)
You throw a stone.
The stone hits the quokka but does no damage.
The quokka is moderately wounded.
The quokka barely misses you.
Throwing (i - inventory):
h - 35 stones (quivered)
Press: ? - help, Shift-Dir - straight line, f/p - quokka
Aim: a quokka (moderately wounded)
You throw a stone. The stone hits the quokka.
The quokka is severely wounded.
The quokka bites you.
* * * LOW HITPOINT WARNING * * *
Wield which item (- for none, * to show all)? (? for menu, Esc to quit)
c - a +0 quarterstaff (weapon)
The quokka closely misses you.
As you read the scroll of teleportation, it crumbles to dust.
You feel strangely unstable. The quokka bites you.
* * * LOW HITPOINT WARNING * * *
The quokka bites you.
You die...

##### #.#
######...#####.#
#............#.#
#..........r@#.#
#..(.........#.#
#.....(.(†...#.#
######'#'#####.#####
#.#...........#
#.########.##.#
#.#.. ....#.# #.#.#
######.# #.#.#
#.....#


You could see a quokka.

Vanquished Creatures
  2 adders
  3 worms
  4 leopard geckos
  2 ball pythons
  4 giant cockroaches
  9 goblins
  11 hobgoblins
  5 kobolds
  A quokka (D:2)
  3 bats (D:1)
  A frilled lizard (D:1)
  10 rats
55 creatures vanquished.

Notes
Turn   | Place    | Note
-------+----------+-------------------------------------------
     0 | D:1      | sagitran the Demonspawn Wanderer began the quest for the Orb.
     0 | D:1      | sagitran set off with: 3 curare-tipped needles, a +2 blowgun, a +0 quarterstaff, a scroll of teleportation, a +0 robe, a +0 dagger, a bread ration
     0 | D:1      | Reached XP level 1. HP: 18/18 MP: 1/1
    94 | D:1      | Gained mutation: You have a pair of small antennae on your head. [demonic ancestry]
    94 | D:1      | Reached XP level 2. HP: 10/24 MP: 2/2
   868 | D:1      | Gained mutation: You have large cloven feet. [demonic ancestry]
   868 | D:1      | Reached XP level 3. HP: 30/30 MP: 3/3
   938 | D:2      | Reached skill level 4 in Fighting
  1503 | D:3      | Reached XP level 4. HP: 37/37 MP: 4/4
  1772 | D:3      | HP: 1/37 [quokka (1)]
  1775 | D:3      | Slain by a quokka

Skill      XL: |  1  2  3 |
---------------+----------+-----
Fighting       | 4 |  4.3
Stealth        | 2 |  2.1
Staves         | |  1.7
Slings         | |  0.5
Crossbows      | |  1.0
Throwing       | |  1.3
Armour         | |  1.0
Dodging        | |  1.1

Action                   |  1- 3 |  4- 6 || total
-------------------------+-------+-------++-------
Melee: Quarterstaff      |    58 |    24 ||    82
       Dagger            |    29 |       ||    29
       Kick              |     9 |     6 ||    15
 Fire: Blowgun           |    22 |     5 ||    27
       Hunting sling     |    22 |     4 ||    26
Throw: Stone             |       |     2 ||     2
  Use: Scroll            |     9 |     3 ||    12
 Stab: Distracted        |     1 |       ||     1
       Sleeping          |     1 |       ||     1
  Eat: Chunk             |     1 |       ||     1
       Meat ration       |       |     1 ||     1
Armor: Robe              |    13 |    10 ||    23
Dodge: Dodged            |    52 |    28 ||    80
Block: Large shield      |     9 |       ||     9
